Selects Australian Defense Battlegroup
Selects Australian Light Infantry Section
Construct Section Command Post
Australian Light Infantry Section
Selects CMP 15cwt Supply Run
Selects Reinforced Resource Caches
Construct Platoon Command Post
Unlock Bishop Self-propelled Artillery
Selects 2-pounder Anti-tank Gun Team
Bishop Self-propelled Artillery
Bishop Self-propelled Artillery
Construct Company Command Post
Selects Archer Tank Destroyer
Selects Archer Tank Destroyer